 Dungeon Crawl Stone Soup version 0.30-a0-142-g7370640ec8 (webtiles) character file.

Game seed: 1131791859885195075

81 qw the Chopper (level 4, 0/28 HPs)
             Began as a Gargoyle Fighter on Sept 25, 2022.
             Slain by a gnoll
             ... wielding a +0 vorpal flail
              (3 damage)
             ... on level 3 of the Dungeon.
             The game lasted 00:00:53 (2995 turns).

qw the Chopper (Gargoyle Fighter)                   Turns: 2995, Time: 00:00:54

Health: 0/28       AC: 12    Str: 22    XL:     4   Next: 40%
Magic:  4/4        EV:  7    Int:  8    God:
Gold:   95         SH:  4    Dex:  9    Spells: 3/3 levels left

rFire   . . .      SeeInvis .    Y - +0 war axe
rCold   . . .      Faith    .    c - +0 buckler
rNeg    + . .      Spirit   .    e - +0 chain mail
rPois   inf        Reflect  .    (no helmet)
rElec   +          Harm     .    (no cloak)
rCorr   .          Rampage  .    (no gloves)
Will    .....                    (no boots)
Stlth   ..........               (no amulet)
HPRegen 0.09/turn                (no ring)
MPRegen 0.09/turn                (no ring)

@: no status effects
A: sickness immunity, AC +3, negative energy resistance 1, electricity
resistance, torment resistance 1, petrification resistance
a: no special abilities


You were on level 3 of the Dungeon.
You visited 1 branch of the dungeon, and saw 3 of its levels.

You collected 95 gold pieces.


Innate Abilities, Weirdness & Mutations

You are immune to sickness and miasma.
Your stone body is resilient. (AC +3)
You are immune to poison.
You resist negative energy. (rN+)
You are resistant to electric shocks. (rElec)
You are resistant to unholy torment.
You are immune to petrification.


   Skills:
 - Level 3.2 Fighting
 + Level 4.1 Axes
 - Level 3.2 Armour
 - Level 3.2 Shields


You had 3 spell levels left.
You didn't know any spells.
Your spell library was empty.

Inventory:

Hand Weapons
 f - a +0 flail
 Y - a +0 war axe (weapon)
Armour
 c - a +0 buckler (worn)
 e - a +0 chain mail (worn)
Scrolls
 h - a scroll of enchant armour
 l - a scroll of identify
Potions
 a - a potion of cancellation
 b - 2 potions of haste
 d - 2 potions of might
 g - 3 potions of heal wounds {unknown}
 i - a potion of lignification
 j - a potion of mutation {unknown}
 k - a potion of brilliance {unknown}
 m - 2 potions of curing {unknown}

Dungeon Overview and Level Annotations

Branches:
Dungeon (3/15)

Altars:
Fedhas


Message History

A gnoll comes into view. It is wielding a +0 spear.
2980 ||| Stepping ~*~*~tactically~*~*~ (hiding).
2981 ||| Stepping ~*~*~tactically~*~*~ (hiding).
You start waiting.
A gnoll is nearby!
You barely miss the gnoll. The gnoll barely misses you.
The gnoll hits you from afar with a +0 spear.
You hit the gnoll but do no damage. The gnoll hits you but does no damage.
The gnoll hits you from afar with a +0 spear!
You hit the gnoll.
The gnoll is lightly wounded.
The gnoll hits you but does no damage. x2
The gnoll hits you with a +1 whip of draining.
The gnoll hits you from afar with a +0 spear.
You barely miss the gnoll.
The gnoll is lightly wounded.
The gnoll hits you but does no damage. x2
You hit the gnoll.
The gnoll is moderately wounded.
The gnoll hits you with a +1 whip of draining.
The gnoll hits you but does no damage. The gnoll barely misses you.
The gnoll hits you but does no damage.
You slash the gnoll!
The gnoll is severely wounded.
A gnoll comes into view. It is wielding a +0 vorpal flail.
The gnoll hits you but does no damage. x2
The gnoll shouts!
You slash the gnoll!
You kill the gnoll!
The gnoll closely misses you. The gnoll hits you with a +0 spear!
The gnoll hits you but does no damage.
You see here a +1 whip of draining.
You hit the gnoll.
The gnoll is lightly wounded.
You hit the gnoll. The gnoll closely misses you.
The gnoll hits you with a +0 vorpal flail.
You die...

#.# #.#.#######.#
#.##....
##.########.........%.#
#.##..##
..............#########
#.......
####.######.#........
#.##..##
####.######...####### #
#..# ...............#
#..# >.)............###
#..# .###.#####.......#
#..# %# #.#
#.###.#@###.##.# #..#
.###.# #.# #.#gg......#
#..# ...#.# #.#
#........... ....
##.#.# #.# ###.###.####
#...# #.# #.# ..
##.#######.# #.# ##
........... #.#
########### #.# #.#


You could see 2 gnolls.

Vanquished Creatures
  A gnoll (D:3)
  2 adders (D:2)
  A worm (D:2)
  3 endoplasms
  3 giant cockroaches
  5 hobgoblins
  5 kobolds
  3 quokkas
  6 ball pythons
  4 bats
  5 frilled lizards
  6 goblins
  3 rats
47 creatures vanquished.

Vanquished Creatures (others)
  2 plants (D:1)
2 creatures vanquished.

Grand Total: 49 creatures vanquished

Notes
Turn   | Place    | Note
-------+----------+-------------------------------------------
     0 | D:1      | qw the Gargoyle Fighter began the quest for the Orb.
     0 | D:1      | Reached XP level 1. HP: 14/14 MP: 1/1
     0 | D:1      | 0 ||| qw: Version: 0.2-a-10-g399e6c4
     0 | D:1      | 0 ||| qw: Game counter: 414
     0 | D:1      | 0 ||| qw: Always use a shield: true
     0 | D:1      | 0 ||| qw: God list: Okawaru
     0 | D:1      | 0 ||| qw: Allow faded altars: false
     0 | D:1      | 0 ||| qw: Do Orc after D:15 true
     0 | D:1      | 0 ||| qw: Do second Lair branch before Depths: true
     0 | D:1      | 0 ||| qw: Lair rune preference: random
     0 | D:1      | 0 ||| qw: Plans: Normal, Zot:1-4, God:TSO, Crypt, Tomb,
                  | Pan, Slime:5, Hells, Abyss, Orb
     0 | D:1      | 0 ||| PLANNING D:1-11
    88 | D:1      | Reached skill level 2 in Axes
   305 | D:1      | Reached XP level 2. HP: 14/19 MP: 2/2
   423 | D:1      | 423 ||| Stepping ~*~*~tactically~*~*~ (stealth).
   489 | D:1      | 489 ||| DROPPING +0 club.
   700 | D:1      | Found a faded altar of an unknown god.
  1115 | D:1      | 1115 ||| UPGRADING to +0 chain mail.
  1125 | D:1      | 1125 ||| DROPPING +0 scale mail.
  1126 | D:1      | 1126 ||| READING scroll labelled ZYLAFO MITI.
  1127 | D:1      | 1127 ||| READING scroll labelled PEEQED ALIUHUCAECK.
  1128 | D:1      | 1128 ||| READING 2 scrolls labelled YNOGEM ZUOWAD.
  1129 | D:1      | 1129 ||| READING scroll labelled CAQOBA SUPEATO.
  1130 | D:1      | 1130 ||| READING scroll labelled KATZIC KAOMA.
  1131 | D:1      | 1131 ||| READING 2 scrolls labelled ILEIVI USMIH.
  1194 | D:2      | 1194 ||| STAIRDANCE
  1236 | D:2      | Reached skill level 3 in Axes
  1344 | D:2      | Reached XP level 3. HP: 23/23 MP: 3/3
  1484 | D:2      | 1484 ||| DROPPING +0 mace.
  1955 | D:2      | 1955 ||| Stepping ~*~*~tactically~*~*~ (stealth).
  1956 | D:2      | 1956 ||| Stepping ~*~*~tactically~*~*~ (stealth).
  2427 | D:2      | 2427 ||| READING scroll labelled BOTAWK GEFO.
  2431 | D:2      | 2431 ||| READING scroll labelled KOEL INLUWITUA.
  2432 | D:2      | 2432 ||| READING scroll labelled COACWAY JAUCW.
  2433 | D:2      | 2433 ||| DRINKING 2 murky pink potions.
  2466 | D:2      | 2466 ||| READING 3 scrolls of identify.
  2466 | D:2      | 2466 ||| IDENTIFYING sedimented blue potion
  2467 | D:2      | 2467 ||| READING 2 scrolls of identify.
  2467 | D:2      | 2467 ||| IDENTIFYING amethyst potion
  2507 | D:3      | Reached XP level 4. HP: 28/28 MP: 4/4
  2510 | D:3      | Found a blossoming altar of Fedhas.
  2848 | D:3      | Reached skill level 4 in Axes
  2980 | D:3      | 2980 ||| Stepping ~*~*~tactically~*~*~ (hiding).
  2981 | D:3      | 2981 ||| Stepping ~*~*~tactically~*~*~ (hiding).
  2994 | D:3      | HP: 3/28 [gnoll/+0 spear (7)]
  2995 | D:3      | Slain by a gnoll

Levels and vault maps discovered:
D:1:      lemuel_arrival_tunnels, layout_loops_ring,
          dreamdust_ecumenical_altar_hidden_monk_grotto
D:2:      layout_loops_ring, roderic_serpentine_path, st_stairs_13,
          minmay_octomino_e4
D:3:      layout_loops_ring, marbit_many_paths

Skill      XL: |  1  2  3  4 |
---------------+-------------+-----
Axes           | 2 3 4 |  4.1
Fighting       | |  3.2
Armour         | |  3.2
Shields        | |  3.2

Action                   |  1- 3 |  4- 6 || total
-------------------------+-------+-------++-------
Melee: War axe           |   115 |    49 ||   164
  Use: Scroll            |    11 |       ||    11
       Potion            |     1 |       ||     1
 Stab: Distracted        |     1 |       ||     1
Armor: Scale mail        |    28 |       ||    28
       Chain mail        |    35 |    37 ||    72
Dodge: Dodged            |    46 |    23 ||    69
Block: Buckler           |    10 |     7 ||    17

Table legend:
 A = Non-vault XP
 B = Vault XP
 C = Vault XP percentage of total XP
 D = Non-vault monster count
 E = Vault monster count
 F = Vault count percentage of total count
                 A         B        C        D         E       F
            +---------+---------+-------+---------+---------+-------
      Total |      93 |      23 |  19.8 |      40 |       7 |  14.9
            +---------+---------+-------+---------+---------+-------
        D:1 |      26 |       0 |   0.0 |      17 |       0 |   0.0
        D:2 |      33 |      22 |  40.0 |      10 |       6 |  37.5
        D:3 |      34 |       1 |   2.9 |      13 |       1 |   7.1
            +---------+---------+-------+---------+---------+-------
